 Dungeon Crawl Stone Soup version 0.23.2-33-g5129a83184 (webtiles) character file.

Game seed: 12478579649313730118

401 quartz the Cudgeler (level 6, -1/61 HPs)
             Began as a Troll Berserker on July 2, 2019.
             Was a Priest of Trog.
             Shot with an arrow by a centaur (6 damage)
             ... on level 5 of the Dungeon.
             The game lasted 00:44:45 (4113 turns).

quartz the Cudgeler (Troll Berserker)               Turns: 4113, Time: 00:44:45

Health: -1/61      AC:  7    Str: 28    XL:     6   Next: 54%
Magic:  5/5        EV: 11    Int:  3    God:    Trog [***...]
Gold:   175        SH:  0    Dex:  9    Spells: 5/5 levels left

rFire    + . .     SeeInvis .     - Unarmed
rCold    . . .     Gourm    +   (no shield)
rNeg     . . .     Faith    .   k - +0 robe
rPois    .         Spirit   .   w - +1 hat
rElec    .         Reflect  .   (no cloak)
rCorr    .         Harm     .   (gloves unavailable)
MR       .....                  (boots unavailable)
Stlth    +.........             (no amulet)
HPRegen  0.60/turn              B - ring of protection from fire
MPRegen  0.09/turn              (no ring)

@: no status effects
A: large, unfitting armour, claws 3, fast metabolism 3, gourmand, regeneration
1, shaggy fur 1, tough skin 3
a: Berserk, Trog's Hand, Renounce Religion


You were on level 5 of the Dungeon.
You worshipped Trog.
Trog was most pleased with you.
You were full.

You visited 1 branch of the dungeon, and saw 5 of its levels.

You collected 175 gold pieces.

Inventory:

Hand Weapons
 a - a +0 mace
 g - a +0 hunting sling
 l - a +0 war axe
 o - a +0 mace
 q - a +0 hand axe
 r - a +0 spear
 D - a +0 hand axe
 E - a +0 hunting sling
 F - a +0 short sword of electrocution
 G - a +0 club
 J - a +0 mace
 N - a +0 flail
 O - a +0 short sword
 Q - a +0 hunting sling
 R - a +0 whip
 U - a +0 whip
 W - a +0 war axe
Missiles
 n - 60 arrows
 s - 30 stones (quivered)
Armour
 b - a +0 animal skin
 k - a +0 robe (worn)
 m - a +0 ring mail
 p - a +0 buckler
 v - a +0 ring mail
 w - a +1 hat (worn)
 I - a +0 robe
 P - a +0 scale mail
 T - a +0 leather armour
 X - a +0 leather armour
 Y - a +0 robe
Jewellery
 B - a ring of protection from fire (left claw)
Wands
 y - a wand of random effects (10)
Scrolls
 d - 2 scrolls of magic mapping {unknown}
 e - 2 scrolls of enchant weapon {unknown}
 f - 2 scrolls of fog {unknown}
 h - a scroll of immolation {unknown}
 i - a scroll of random uselessness {unknown}
 u - a scroll of fear {unknown}
 A - 2 scrolls of remove curse {unknown}
 C - 7 scrolls of identify {unknown}
 L - 8 scrolls of teleportation {unknown}
Potions
 j - 2 potions of agility {unknown}
 t - a potion of flight {unknown}
 x - 3 potions of curing {unknown}
 z - a potion of resistance {unknown}
 H - 2 potions of haste {unknown}
Comestibles
 c - 11 rations


   Skills:
 - Level 3.0 Fighting
 - Level 4.7 Maces & Flails
 - Level 0.5 Throwing
 - Level 3.4 Dodging
 - Level 0.2 Stealth
 * Level 3.0 Unarmed Combat


You had 5 spell levels left.
You didn't know any spells.
Your spell library was empty.

Dungeon Overview and Level Annotations

Branches:
Dungeon (5/15)
 Temple: D:4-7

Altars:
Wu Jian
The Shining One

Shops:
D:4 !

Annotations:
D:3 1 runed translucent door


Innate Abilities, Weirdness & Mutations

You are too large for most types of armour.
You have claws for hands.
Your metabolism is lightning-fast.
You like to eat raw meat.
Your natural rate of healing is unusually fast.
You are covered in fur. (AC +1)
You have extremely tough skin. (AC +3)


Message History

Found a scroll labeled HOKHLA HEDDIXT.
The worker ant closely misses you. x2
A centaur zombie comes into view.
A centaur comes into view.
An orc comes into view. It is wielding a +1 flail of crushing.
The centaur wields a +0 shortbow.
The centaur shoots an arrow.
The arrow hits you! The adder misses you.
You see here an arrow.
The centaur shoots an arrow.
The arrow barely misses you.
The arrow hits the orc!
The orc dies!
The adder closely misses you.
The centaur shoots an arrow.
The arrow hits you!
* * * LOW HITPOINT WARNING * * *
The worker ant completely misses you.
You see here an arrow.
The centaur shoots an arrow.
The arrow hits you!
* * * LOW HITPOINT WARNING * * *
The centaur zombie hits you but does no damage.
The centaur shoots an arrow.
The arrow hits you.
You die...

##.............
...............
.............##
..............
............# ..
.........c..#...
...........##..
#.....@o......
....#....aSZ...###.
.####.....#....ol.....#..
.......#........(.......#
.......##......o.........
....#..#...h##......##..#
..l..h.##.h.#.h.........#
....... #.........#......
..l##.# #.#...$...##.!...


You could see a centaur, an iguana, a worker ant, an adder, 3 orcs, a centaur
zombie and 3 jackals.

Vanquished Creatures
  A scorpion (D:4)
  A crimson imp (D:5)
  An orc priest (D:3)
  An iguana (D:5)
  An orc wizard (D:3)
  3 worker ants (D:4)
  5 adders
  An ooze (D:1)
  3 worms
  A dart slug (D:1)
  6 leopard geckos
  19 orcs
  3 giant cockroaches
  7 goblins
  4 hobgoblins
  4 jackals
  9 kobolds
  A quokka (D:4)
  9 bats
  4 frilled lizards
  5 rats
89 creatures vanquished.

Vanquished Creatures (others)
  An orc (D:5)
1 creature vanquished.

Grand Total: 90 creatures vanquished

Notes
Turn   | Place    | Note
-------+----------+-------------------------------------------
     0 | D:1      | quartz the Troll Berserker began the quest for the Orb.
     0 | D:1      | Reached XP level 1. HP: 22/22 MP: 0/0
   163 | D:1      | Reached XP level 2. HP: 29/29 MP: 1/1
   184 | D:1      | Reached skill level 3 in Maces & Flails
   515 | D:1      | Reached XP level 3. HP: 36/36 MP: 2/2
  1769 | D:2      | Reached ** piety under Trog
  2192 | D:3      | Reached XP level 4. HP: 34/44 MP: 3/3
  2272 | D:3      | Found a glowing golden altar of the Shining One.
  2272 | D:3      | Found a runed translucent door.
  2272 | D:3      | Noticed an angel
  2330 | D:3      | Reached skill level 4 in Maces & Flails
  2421 | D:3      | Reached XP level 5. HP: 49/52 MP: 4/4
  3308 | D:4      | Found Avvaatt's Distillery.
  3381 | D:4      | Found an ornate altar of the Wu Jian Council.
  3451 | D:4      | Reached *** piety under Trog
  3451 | D:4      | Reached XP level 6. HP: 54/61 MP: 5/5
  3488 | D:4      | Reached skill level 1 in Unarmed Combat
  3960 | D:5      | Entered Level 5 of the Dungeon
  4113 | D:5      | Shot with an arrow by a centaur

Skill      XL: |  1  2  3  4  5  6 |
---------------+-------------------+-----
Maces & Flails | 3 4 |  4.7
Dodging        | 3 |  3.4
Fighting       | 3 |  3.0
Unarmed Combat | 3 |  3.0
Throwing       | |  0.5
Stealth        | |  0.2

Action                   |  1- 3 |  4- 6 || total
-------------------------+-------+-------++-------
Melee: Mace              |   169 |   148 ||   317
       Unarmed           |       |    44 ||    44
 Stab: Sleeping          |     1 |     1 ||     2
  Eat: Chunk             |    17 |    21 ||    38
       Ration            |     1 |       ||     1
Armor: Animal skin       |    40 |       ||    40
       Robe              |    40 |    54 ||    94
Dodge: Dodged            |   109 |   105 ||   214
